 Dungeon Crawl Stone Soup version 0.30-a0-920-g7493c07aab (webtiles) character file.

Game seed: 9863381700799603641

26964 cforsyth the Fighter (level 13, -13/108 HPs)
             Began as a Human Fighter on Mar 21, 2023.
             Was a High Priest of Okawaru.
             Mangled by Rupert
             ... wielding a +0 battleaxe of venom
              (17 damage)
             ... on level 13 of the Dungeon.
             The game lasted 00:34:53 (16092 turns).

cforsyth the Fighter (Human Fighter)               Turns: 16092, Time: 00:34:54

Health: -13/108    AC: 27    Str: 17    XL:     13   Next: 62%
Magic:  13/13      EV:  5    Int:  8    God:    Okawaru [*****.]
Gold:   1045       SH: 13    Dex: 13    Spells: 12/12 levels left

rFire   + + +      SeeInvis .    c - +4 flail (flame)
rCold   + . .      Faith    .    K - +2 kite shield
rNeg    + . .      Spirit   .    V - +3 plate armour
rPois   +          Reflect  .    G - +0 hat "Ewker" {rF++ Will+}
rElec   .          Rampage  +    y - scarf {rC+ rF+}
rCorr   .                        H - +2 pair of gloves of the Silly Robin {rF+ rN+ Regen+ Str-5}
Will    +....                    U - +0 pair of boots {rampage} Stlth
                                 P - amulet of regeneration
HPRegen 1.98/turn                C - ring of poison resistance
MPRegen 0.13/turn                R - +4 ring of protection

@: lethally poisoned (-13 -> -30), on berserk cooldown, hasted and slowed
A: no striking features
a: Renounce Religion, Heroism, Finesse, Duel


You were on level 13 of the Dungeon.
You worshipped Okawaru.
Okawaru was extremely pleased with you.
You visited 2 branches of the dungeon, and saw 14 of its levels.
You also visited: Ossuary.

You collected 1045 gold pieces.

Inventory:

Hand Weapons
 c - a +4 flail of flaming (weapon)
Missiles
 E - a throwing net (quivered)
Armour
 d - a +3 chain mail of cold resistance
 r - a +0 pair of boots
 y - a scarf of resistance (worn)
 G - the +0 hat "Ewker" (worn) {rF++ Will+}
   (You found it on level 4 of the Dungeon)

   rF:        It greatly protects you from fire.
   Will:      It increases your willpower.
 H - the +2 pair of gloves of the Silly Robin (worn) {rF+ rN+ Regen+ Str-5}
   (You found it on level 4 of the Dungeon)

   Str:       It affects your strength (-5).
   rF:        It protects you from fire.
   rN:        It protects you from negative energy.
   Regen:     It increases your rate of health regeneration.
 K - a +2 kite shield (worn)
 U - a +0 pair of boots of rampaging (worn)
 V - a +3 plate armour (worn)
Jewellery
 b - a ring of protection from cold
 f - a ring of protection from cold
 n - a ring of flight
 C - a ring of poison resistance (left hand)
 M - a +5 ring of evasion
 P - an amulet of regeneration (around neck)
 R - a +4 ring of protection (right hand)
 T - a +6 ring of dexterity
Wands
 i - a wand of digging (2)
 j - a wand of mindburst (31)
 k - a wand of roots (14)
 v - a wand of light (5)
 N - a wand of paralysis (5)
Scrolls
 a - 2 scrolls of identify
 e - 2 scrolls of vulnerability
 o - a scroll of silence
 s - 2 scrolls of blinking {unknown}
 u - 3 scrolls of teleportation
 A - a scroll of brand weapon
 D - a scroll of poison {unknown}
 I - 2 scrolls of enchant armour
 O - 2 scrolls of butterflies {unknown}
 Q - a scroll of amnesia
 S - a scroll of fear
Potions
 g - 3 potions of lignification
 h - a potion of invisibility
 l - 2 potions of attraction
 m - a potion of cancellation
 p - a potion of ambrosia
 q - 4 potions of curing
 t - 3 potions of degeneration
 w - 2 potions of haste
 z - a potion of brilliance
 B - 2 potions of flight
 F - 3 potions of heal wounds
 J - 2 potions of might
 L - a potion of mutation {unknown}


   Skills:
 + Level 12.3 Fighting
 + Level 12.1 Maces & Flails
 - Level 11.0 Armour
 - Level 11.0 Shields


You had 12 spell levels left.
You didn't know any spells.
Your spell library contained the following spells:

 Spells                   Type           Power      Damage    Failure   Level
 Apportation              Tloc           0%         N/A       100%        1
 Blink                    Tloc           0%         N/A       100%        2
 Lesser Beckoning         Tloc           0%         N/A       100%        2
 Momentum Strike          Conj/Tloc      0%         3d8       100%        2
 Inner Flame              Hex/Fire       0%         N/A       100%        3
 Portal Projectile        Hex/Tloc       0%         N/A       100%        3
 Cause Fear               Hex            0%         N/A       100%        4
 Manifold Assault         Tloc           0%         N/A       100%        4
 Alistair's Intoxication  Tmut/Pois      0%         N/A       100%        5
 Blade Hands              Tmut           0%         N/A       100%        5
 Conjure Ball Lightning   Conj/Air       0%         3x3d6     100%        6
 Storm Form               Tmut/Air       0%         N/A       100%        7
 Discord                  Hex            0%         N/A       100%        8
 Disjunction              Tloc           0%         N/A       100%        8
 Tukima's Dance           Hex            Unusable   N/A       N/A         3

Dungeon Overview and Level Annotations

Branches:
Dungeon (13/15)            Temple (1/1) D:6            Lair (0/5) D:11
    Orc (0/2) D:9          Vaults (0/5) D:13        Ossuary (visited)

Altars:
Ashenzari
Cheibriados
Dithmenos
Elyvilon
Fedhas
Gozag
Hepliaklqana
Kikubaaqudgha
Makhleb
Nemelex Xobeh
Okawaru
Qazlal
Ru
Sif Muna
Trog
Uskayaw
Vehumet
Wu Jian
Xom
Yredelemnul
Zin
The Shining One

Annotations:
D:13 Rupert


Message History

You feel sick. Rupert hits you but does no damage.
You hit Rupert. You burn Rupert.
Rupert is severely wounded.
You feel sick. Rupert hits you but does no damage.
You are more poisoned.
You sock Rupert! You burn Rupert.
Rupert is severely wounded.
You feel sick. Rupert hits you but does no damage.
You thump Rupert! You burn Rupert.
Rupert is almost dead.
You feel very sick. Rupert hits you but does no damage.
You are more poisoned.
You hit Rupert. You burn Rupert.
Rupert is almost dead.
You are no longer berserk.
You are exhausted.
You feel yourself slow down.
You feel very sick. You block Rupert's attack.
Unknown command.
Aiming: Mindburst
Press: ? - help, Shift-Dir - straight line, f - Rupert
Aim: Rupert, wielding a +0 battleaxe of venom and wearing a +0 ring mail (almost dead, berserk, chance to affect: 6%)
Okay, then.
Unknown command.
Aiming: Paralyse
Press: ? - help, Shift-Dir - straight line, f - Rupert
Aim: Rupert, wielding a +0 battleaxe of venom and wearing a +0 ring mail (almost dead, berserk, chance to affect: 1%)
Okay, then.
Unknown command.
Okay, then.
Unknown command.
You feel yourself speed up.
You feel very sick.
Rupert hits you with a +0 battleaxe of venom!
* * * LOW HITPOINT WARNING * * *
You are lethally poisoned!
Rupert hits you with a +0 battleaxe of venom!
You die...

.....## ##...## #...
......####.....## #....
...#...##.......##....#
...#..................#
....'.......#.........#
....'.......#.........#
..).#########.........#
......................#
###.<.......####@.....#
..#.####+##'#.:#@.....#
..#.#..........#......#
..#.#..........#........
###.#..........#........
....####..)....#.?......
.......'.......####.....
.......#.......... .....
.......#..........


You could see Rupert (berserk).

Vanquished Creatures
  4 vault guards (D:12)
  4 two-headed ogres
  3 boulder beetles
  6 centaur warriors
  2 deep elf pyromancers
  2 ugly things (D:12)
  A manticore (D:12)
  2 cyclopes (D:12)
  Joseph (D:8)
  3 unseen horrors
  An efreet (D:13)
  5 trolls
  Prince Ribbit (D:7)
  A hornet (D:8)
  4 slime creatures (D:12)
  A vampire (D:12)
  A centaur simulacrum (D:13)
  3 wyverns
  3 shadows
  10 yaks
  4 hogs (D:12)
  A basilisk (D:13)
  A human (D:12)
  8 vampire mosquitoes
  3 steam dragons
  Edmund (D:4)
  3 acid dragons
  A water moccasin (D:5)
  Duvessa (D:4)
  An ice beast (D:5)
  6 orc warriors
  2 sky beasts
  A black bear (D:7)
  3 ogres
  4 centaurs
  A phantom (D:4)
  4 bullfrogs
  4 kobold brigands
  8 gnoll sergeants
  2 scorpions
  19 wights
  Dowan (D:4)
  8 killer bees
  2 hounds
  2 jellies
  4 orc priests
  3 gnoll boudas
  Jessica (D:2)
  3 iguanas
  Natasha (thrice) (D:1)
  11 orc wizards
  6 mummies (Ossuary)
  Robin (D:2)
  26 gnolls
  12 adders
  2 river rats (D:5)
  2 white imps
  2 ufetubi
  3 worms
  4 dart slugs
  27 orcs
  14 ball pythons
  6 endoplasms
  2 giant cockroaches
  14 goblins
  7 hobgoblins
  10 jackals
  A quokka (D:3)
  3 bats
  3 frilled lizards
  3 hobgoblin zombies (Ossuary)
  12 kobolds
  4 kobold zombies (Ossuary)
  An orc zombie (Ossuary)
  6 rats
345 creatures vanquished.

Vanquished Creatures (others)
  4 fungi (D:5)
4 creatures vanquished.

Grand Total: 349 creatures vanquished

Notes
Turn   | Place    | Note
-------+----------+-------------------------------------------
     0 | D:1      | cforsyth the Human Fighter began the quest for the Orb.
     0 | D:1      | Reached XP level 1. HP: 18/18 MP: 1/1
   260 | D:1      | Reached XP level 2. HP: 24/24 MP: 2/2
   715 | D:2      | Noticed Natasha
   735 | D:1      | Killed Natasha
   736 | D:1      | Reached XP level 3. HP: 11/29 MP: 3/3
   768 | D:1      | Noticed Natasha
   777 | D:1      | Killed Natasha
   778 | D:1      | Reached XP level 4. HP: 23/35 MP: 4/4
   968 | D:1      | Noticed Natasha
   976 | D:1      | Killed Natasha
  1418 | D:2      | You fall into a shaft and drop 1 floor!
  1493 | D:3      | Reached XP level 5. HP: 38/42 MP: 5/5
  1620 | D:2      | Noticed Jessica
  1633 | D:2      | Killed Jessica
  1901 | D:2      | Found a faded altar of an unknown god.
  2000 | D:2      | Noticed Robin
  2253 | D:2      | Killed Robin
  2421 | D:2      | Reached XP level 6. HP: 48/48 MP: 6/6
  3029 | D:3      | Found a shadowy altar of Dithmenos.
  3999 | D:4      | Noticed Dowan
  4010 | D:4      | Noticed Duvessa
  4129 | D:4      | Reached XP level 7. HP: 18/55 MP: 7/7
  4166 | D:4      | Found a sand-covered staircase.
  4169 | D:4      | Noticed Edmund
  4175 | Ossuary  | Entered an ossuary
  4725 | D:4      | Killed Dowan
  4733 | D:4      | Killed Duvessa
  4734 | D:4      | Reached skill level 5 in Fighting
  4734 | D:4      | Reached skill level 5 in Armour
  4734 | D:4      | Reached skill level 5 in Shields
  5105 | D:4      | Reached XP level 8. HP: 62/62 MP: 8/8
  5128 | D:4      | Found an opulent altar of Gozag.
  5349 | D:4      | Identified the +2 pair of gloves of the Silly Robin {rF+
                  | rN+ Regen+ Str-5}
  5381 | D:4      | Killed Edmund
  5448 | D:4      | Identified the +0 hat "Ewker" {rF++ Will+}
  5702 | D:5      | Entered Level 5 of the Dungeon
  5884 | D:5      | Reached skill level 5 in Maces & Flails
  6381 | D:5      | Reached XP level 9. HP: 66/69 MP: 9/9
  7757 | D:6      | Found a staircase to the Ecumenical Temple.
  7800 | Temple   | Entered the Ecumenical Temple
  8013 | D:6      | Found a bloodstained altar of Trog.
  8013 | D:6      | Found an ancient bone altar of Kikubaaqudgha.
  8261 | D:6      | Found a radiant altar of Vehumet.
  8533 | D:7      | Reached XP level 10. HP: 62/79 MP: 10/10
  8770 | D:7      | Noticed Prince Ribbit
  8788 | D:7      | Killed Prince Ribbit
  9225 | D:8      | Found a broken altar of Ashenzari.
  9575 | D:8      | Noticed Joseph
  9708 | D:8      | Killed Joseph
 10212 | D:8      | Paralysed by a hornet for 3 turns
 10231 | D:8      | Reached XP level 11. HP: 21/87 MP: 11/11
 11329 | D:9      | Found a staircase to the Orcish Mines.
 11929 | D:9      | Found a stormy altar of Qazlal.
 12152 | D:10     | Entered Level 10 of the Dungeon
 12280 | D:10     | Found a sparkling altar of Nemelex Xobeh.
 12296 | D:10     | Found a shimmering altar of Xom.
 12297 | D:10     | Found a shimmering altar of Xom.
 12298 | D:10     | Found a shimmering altar of Xom.
 12298 | D:10     | Found a shimmering altar of Xom.
 12330 | D:10     | Found an iron altar of Okawaru.
 12380 | D:10     | Became a worshipper of Warmaster Okawaru
 12422 | D:10     | Noticed a two-headed ogre
 12434 | D:10     | Killed a two-headed ogre
 12508 | D:10     | Found a white marble altar of Elyvilon.
 12547 | D:10     | Found a glowing golden altar of the Shining One.
 12644 | D:10     | Noticed a two-headed ogre
 12655 | D:10     | Killed a two-headed ogre
 12655 | D:10     | Reached * piety under Okawaru
 12752 | D:10     | Found a shimmering blue altar of Sif Muna.
 12820 | D:10     | Found a shimmering altar of Xom.
 12822 | D:10     | Found a shimmering altar of Xom.
 13099 | D:11     | Found a staircase to the Lair.
 13239 | D:11     | Noticed a two-headed ogre
 13240 | D:11     | Noticed a two-headed ogre
 13302 | D:11     | Killed a two-headed ogre
 13302 | D:11     | Reached ** piety under Okawaru
 13303 | D:11     | Reached XP level 12. HP: 86/97 MP: 12/12
 13430 | D:11     | Noticed a centaur warrior
 13441 | D:11     | Killed a centaur warrior
 13841 | D:11     | Killed a two-headed ogre
 13842 | D:11     | Reached skill level 10 in Fighting
 13842 | D:11     | Reached skill level 10 in Armour
 13842 | D:11     | Reached skill level 10 in Shields
 14024 | D:12     | Reached *** piety under Okawaru
 14278 | D:12     | Reached skill level 10 in Maces & Flails
 14386 | D:12     | Reached **** piety under Okawaru
 14623 | D:12     | Noticed a centaur warrior
 14628 | D:12     | Killed a centaur warrior
 14650 | D:12     | Noticed a boulder beetle
 14683 | D:12     | Killed a boulder beetle
 14683 | D:12     | Reached ***** piety under Okawaru
 14693 | D:12     | Noticed a centaur warrior
 14706 | D:12     | Killed a centaur warrior
 14720 | D:12     | Reached XP level 13. HP: 62/105 MP: 13/13
 15112 | D:13     | Noticed a centaur warrior
 15183 | D:12     | Received a gift from Okawaru
 15216 | D:13     | Killed a centaur warrior
 15248 | D:13     | Found a gate to the Vaults.
 15248 | D:13     | Noticed a vault guard
 15248 | D:13     | Noticed a centaur warrior
 15248 | D:13     | Noticed a vault guard
 15248 | D:13     | Noticed a vault guard
 15248 | D:13     | Noticed a vault guard
 15397 | D:12     | Killed a vault guard
 15525 | D:12     | Killed a vault guard
 15566 | D:12     | Killed a vault guard
 15701 | D:12     | Killed a vault guard
 15903 | D:13     | Killed a centaur warrior
 16050 | D:13     | Noticed a centaur warrior
 16057 | D:13     | Killed a centaur warrior
 16069 | D:13     | Noticed Rupert
 16092 | D:13     | HP: 4/108 [Rupert/+0 battleaxe of venom (15)]
 16092 | D:13     | Mangled by Rupert

Illustrated notes

Levels and vault maps discovered:
D:1:      saegor_arrival_fortress, layout_basic, corexii_corridor_pit
D:2:      layout_loops_ring, hellmonk_ecumenical_altar_blasted, uniq_robin,
          uniq_natasha, uniq_jessica
D:3:      layout_basic, grunt_dithmenos_smoke, grunt_decor_one_mirror,
          minmay_misc_feat_more_columns, minmay_randomly_rotated_circles
D:4:      layout_cave_pools, nicolae_overflow_hidden_temple, enter_ossuary_3,
          uniq_duvessa, uniq_edmund
D:5:      kennysheep_steamy, layout_gridville, lightli_sewer_entry_pipes,
          st_stairs_12, minmay_a_box_with_orc_wizards_in_it
D:6:      layout_loops_cross, nicolae_vehumet_altar_sigil,
          grunt_temple_overflow_open, minmay_temple_entry_tees
D:7:      layout_cave_pools, corexii_leaking_fountain, uniq_prince_ribbit1
D:8:      layout_rooms, nicolae_ashenzari_panopticon, uniq_joseph
D:9:      layout_big_octagon, nicolae_qazlal_scattered_showers,
          kennysheep_orc_monster_closet_entryway, minmay_increasing_density
D:10:     layout_long_grid, xom_redecorated, lemuel_blue_sif_altar,
          kennysheep_okawaru_gauntlet, mainiacjoe_overflow_chevrons,
          kennysheep_mini, nemelex_diamond_rough_becter
D:11:     layout_basic, lair_entry_dummy, statue_in_the_mist_lemuel
D:12:     minmay_thinvault, layout_basic, grunt_livestock
D:13:     layout_irregular_city, lightli_vaults_fourway_checkpoint,
          minmay_misc_feat_tower, uniq_rupert
Temple:   nicolae_temple_bog_church

Skill      XL: |  1  2  3  4  5  6  7  8  9 10 11 12 13 |
---------------+----------------------------------------+-----
Maces & Flails | 3 4 5 6 8 9 10 12 | 12.1
Armour         | 4 5 6 7 8 9 10 11 | 11.0
Shields        | 4 5 6 7 8 9 10 11 | 11.0
Fighting       | 4 5 7 8 9 10 12 | 12.3

Action                     |  1- 3 |  4- 6 |  7- 9 | 10-12 | 13-15 || total
---------------------------+-------+-------+-------+-------+-------++-------
  Melee: Flail             |    50 |   270 |   608 |  1050 |   288 ||  2266
  Evoke: Wand              |       |     2 |     4 |       |       ||     6
    Use: Scroll            |       |     7 |     9 |     7 |       ||    23
         Potion            |       |     1 |     5 |     3 |     2 ||    11
   Stab: Invisible         |       |       |     1 |     4 |       ||     5
 Armour: Scale mail        |    32 |   100 |       |       |       ||   132
         Chain mail        |       |    71 |   518 |   752 |    58 ||  1399
         Plate armour      |       |       |       |       |   103 ||   103
  Dodge: Dodged            |    27 |   150 |   231 |   292 |    46 ||   746
  Block: Buckler           |    17 |    83 |   206 |   135 |       ||   441
         Kite shield       |       |       |       |   508 |   158 ||   666

Table legend: (Time is in decaauts)
 A = Elapsed time spent in this place.
 B = Non-inter-level travel time spent in this place.
 C = Inter-level travel time spent in this place.
 D = Time resting spent in this place.
 E = Time spent auto-exploring this place.
 F = Levels seen in this place.
 G = Mean time per level.
                   A        B        C        D        E       F      G
               +--------+--------+--------+--------+--------+-----+--------+
         Total |  16453 |  15713 |    740 |   2240 |   8432 |  15 | 1096.9 |
       Dungeon |  15763 |  15033 |    730 |   2161 |   8066 |  13 | 1212.5 |
        Temple |    195 |    186 |      9 |      0 |    181 |   1 |  195.0 |
       Ossuary |    494 |    494 |      0 |     79 |    185 |   1 |  494.0 |
               +--------+--------+--------+--------+--------+-----+--------+

Top non-repeatable levels by time:
     D:5: 1856 daAuts
    D:12: 1787 daAuts
     D:8: 1781 daAuts
     D:1: 1770 daAuts
     D:3: 1531 daAuts
     D:2: 1141 daAuts
     D:4: 1103 daAuts
     D:6: 977 daAuts
    D:11: 947 daAuts
     D:9: 941 daAuts
    D:10: 918 daAuts
     D:7: 724 daAuts
 Ossuary: 494 daAuts
    D:13: 283 daAuts
  Temple: 195 daAuts
